 Dungeon Crawl Stone Soup version 0.30-a0-29-g142975f185 (webtiles) character file.

Game seed: 2962387889999356854

24 Spectrina the Sneak (level 2, -2/18 HPs)
             Began as a Deep Elf Monk on Aug 27, 2022.
             Killed from afar by Natasha (3 damage)
             ... with a magic dart
             ... on level 2 of the Dungeon.
             The game lasted 00:04:18 (821 turns).

Spectrina the Sneak (Deep Elf Monk)                  Turns: 821, Time: 00:04:19

Health: -2/18      AC:  2    Str:  8    XL:     2   Next: 79%
Magic:  6/6        EV: 13    Int: 14    God:
Gold:   88         SH:  0    Dex: 17    Spells: 3/3 levels left

rFire   . . .      SeeInvis .    a - +0 short sword
rCold   . . .      Faith    .    (no shield)
rNeg    . . .      Spirit   .    b - +0 robe
rPois   .          Reflect  .    (no helmet)
rElec   .          Harm     .    (no cloak)
rCorr   .          Rampage  .    (no gloves)
Will    .....                    (no boots)
Stlth   +++.......               (no amulet)
HPRegen 0.06/turn                (no ring)
MPRegen 0.10/turn                (no ring)

@: no status effects
A: no striking features
a: no special abilities


You were on level 2 of the Dungeon.
You visited 1 branch of the dungeon, and saw 2 of its levels.

You collected 88 gold pieces.

Inventory:

Hand Weapons
 a - a +0 short sword (weapon)
Armour
 b - a +0 robe (worn)
Scrolls
 e - 2 scrolls of enchant weapon {unknown}
 h - 3 scrolls of identify {unknown}
 j - a scroll of vulnerability {unknown}
 k - a scroll of blinking {unknown}
Potions
 c - a potion of berserk rage {unknown}
 d - 2 potions of heal wounds {unknown}
 f - 2 potions of brilliance {unknown}
 g - a potion of might {unknown}
 i - a potion of resistance {unknown}
 l - a potion of curing {unknown}


   Skills:
 - Level 2.4 Fighting
 - Level 3.0 Short Blades
 - Level 3.6 Dodging
 + Level 4.0 Stealth
 + Level 1.4 Spellcasting


You had 3 spell levels left.
You didn't know any spells.
Your spell library contained the following spells:

 Spells                   Type           Power      Damage    Failure   Level
 Conjure Flame            Conj/Fire      1%         6-21      58%         3
 Dazzling Flash           Conj/Hex       2%         N/A       58%         3
 Ignite Poison            Fire/Tmut/Pois 1%         N/A       58%         3
 Sticky Flame             Conj/Fire      1%         2d3       94%         4
 Agony                    Necr           1%         N/A       100%        5
 Silence                  Hex/Air        0%         N/A       100%        5


Dungeon Overview and Level Annotations

Branches:
Dungeon (2/15)

Altars:

Annotations:
D:2 Jessica, Natasha


Message History

The dart slug barely misses you.
You hit the dart slug.
The dart slug is almost dead.
You hit the dart slug.
The dart slug is almost dead.
The dart slug bites you.
* * * LOW HITPOINT WARNING * * *
You hit the dart slug.
You kill the dart slug!
Your Stealth skill increases to level 4!
Unknown command.
Found 4 stones.
Okay, then.
Unknown command.
A hobgoblin comes into view.
Unknown command.
Found a robe.
Unknown command.
You closely miss the hobgoblin.
The hobgoblin shouts!
The hobgoblin hits you.
* * * LOW HITPOINT WARNING * * *
Unknown command.
You hit the hobgoblin.
The hobgoblin is heavily wounded.
The hobgoblin hits you.
* * * LOW HITPOINT WARNING * * *
Unknown command.
You hit the hobgoblin.
You kill the hobgoblin!
Unknown command.
h - 3 scrolls labelled HIYN UHENYONK (gained 1)
Found a club.
Found a long sword.
Unknown command.
Found a stone staircase leading down.
Natasha, Servant of Life and Death comes into view.
Natasha stares at you and mumbles some strange words.
The magic dart hits you.
You die...

### ... .#
#.##.#
#.##.#
#.##.# #
#.##)# #.##
##.##.#
#>..##.#.#.#
#.@.###..#
#.).##.#.#.#
#..# #.##.#
...h ####.#
..### #.# .
#####.#
#.###..(..#
.........##
...[#..#.#


You could see Natasha.

Vanquished Creatures
  2 dart slugs
  2 endoplasms (D:2)
  A giant cockroach (D:1)
  2 goblins (D:1)
  4 hobgoblins
  2 quokkas (D:1)
  2 bats
  2 frilled lizards (D:1)
  A kobold (D:1)
18 creatures vanquished.

Vanquished Creatures (others)
  4 plants (D:2)
4 creatures vanquished.

Grand Total: 22 creatures vanquished

Notes
Turn   | Place    | Note
-------+----------+-------------------------------------------
     0 | D:1      | Spectrina the Deep Elf Monk began the quest for the Orb.
     0 | D:1      | Reached XP level 1. HP: 13/13 MP: 3/3
    31 | D:2      | Noticed Jessica
    48 | D:1      | Reached skill level 3 in Stealth
   267 | D:1      | Reached XP level 2. HP: 14/18 MP: 4/4
   702 | D:2      | Reached skill level 1 in Spellcasting
   786 | D:2      | Reached skill level 4 in Stealth
   821 | D:2      | Noticed Natasha
   821 | D:2      | Killed from afar by Natasha

Illustrated notes

Levels and vault maps discovered:
D:1:      minmay_arrival_up_and_down, layout_basic, feat_on_display
D:2:      layout_loops_ring, serial_forest, infiniplex_forest_straight_4,
          infiniplex_forest_clump_curved, infiniplex_forest_side_room,
          infiniplex_forest_clump_tiny, infiniplex_forest_corner_1,
          infiniplex_forest_lined_room_, infiniplex_forest_clump_long,
          minmay_diced_spiral, uniq_natasha, uniq_jessica

Skill      XL: |  1  2 |
---------------+-------+-----
Stealth        | 3 4 |  4.0
Spellcasting   | 1 |  1.4
Fighting       | |  2.4
Short Blades   | |  3.0
Dodging        | |  3.6

Action                   || total
-------------------------++-------
Melee: Short sword       ||    71
  Use: Potion            ||     1
 Stab: Sleeping          ||     3
Armor: Robe              ||     3
Dodge: Dodged            ||    38

Table legend: (Time is in decaauts)
 A = Elapsed time spent in this place.
 B = Non-inter-level travel time spent in this place.
 C = Inter-level travel time spent in this place.
 D = Time resting spent in this place.
 E = Time spent auto-exploring this place.
 F = Levels seen in this place.
 G = Mean time per level.
                   A        B        C        D        E       F      G
               +--------+--------+--------+--------+--------+-----+--------+
         Total |    818 |    698 |    120 |      0 |      0 |   2 |  409.0 |
       Dungeon |    818 |    698 |    120 |      0 |      0 |   2 |  409.0 |
               +--------+--------+--------+--------+--------+-----+--------+

Top non-repeatable levels by time:
     D:1: 630 daAuts
     D:2: 188 daAuts
